AoeStats
← MatzeAoE

Hideout

503587992Analyzed
2v2 RM · 1mo ago on Sep 1, 2026· 17m 1s· 4 players
Game mode
Random Map
Map size
Medium (4 player)
Population
200
Speed
Normal
Resources
Standard
Victory
Conquest
Starting age
Dark Age
Ending age
Imperial Age
RankedLock teamsTeams togetherTeam positionsShared explorationLock speedFull tech treeHidden civsTurbo modeCheats
Victory
Defeat
🇧🇷 Saracens · Brazil
1570
+12
🇧🇷 Magyars · Brazil
1518
+15
🇩🇪 Persians · Germany
1568
-17
🇩🇪 Franks · Germany
1404
-10
Red_Iffun
4:18 Loom
10:15 Feudal Age
17:00 Castle Age
16:45 Scale Barding Armor
MatzeAoE
8:58 Feudal Age
8:54 Man-at-Arms
9:36 Arson
10:51 Double-Bit Axe
11:21 Horse Collar
16:16 Padded Archer Armor
Fs.Khronos
9:16 Feudal Age
9:51 Double-Bit Axe
11:13 Fletching
14:32 Padded Archer Armor
[KMNB] Bandeira
6:28 Loom
9:21 Feudal Age
9:57 Double-Bit Axe
15:15 Fletching
Connection lost

Rejoining the realm…

Still unreachable

The connection could not be restored.

Session expired

The server has moved on; the page needs a fresh start.